Map: Deathaura LE

Players

Stats - Winner!

  • Race: Protoss Protoss
  • Spawn Location: 5:00

Neeb

  • Race: Protoss Protoss
  • Spawn Location: 11:00

Event: War Chest Team League

VOD

Have the link to the VOD?

Description

Time

  • Played on: July 24, 2020, 9:36 a.m.
  • Length: 11:55
Show
View Real Time Build Order
Export as new Build Order

Stats Protoss - Winner!

Build Orders:  

Get SALT Encoding   

  12  0:00  Probe  
  13  0:13  Probe  
  14  0:17  Pylon  
  14  0:24  Probe  
  15  0:32  Probe  
  15  0:37  Gateway  
  15  0:40  Probe  
  16  0:45  Assimilator  
  17  0:51  Probe  
  17  0:56  Assimilator  
  18  1:00  Probe  
  19  1:07  Gateway  
  19  1:08  Probe  
  19  1:17  Probe  
  20  1:25  Cybernetics Core  
  21  1:29  Probe  
  22  1:34  Pylon  
  22  1:42  Probe  
  23  1:54  Probe  
  24  2:01  Adept, Warp Gate  
  24  2:03  Adept  
  24  2:08  Robotics Facility  
  28  2:12  Pylon  
  28  2:22  Shield Battery  
  28  2:25  Pylon  
  28  2:35  Stalker  
  28  2:36  Stalker  
  32  2:46  Warp Prism  
  32  2:47  Pylon  
  34  3:05  Sentry  
  36  3:06  Sentry  
  36  3:25  Nexus  
  36  3:28  Observer  
  37  3:35  Probe  
  38  3:47  Probe  
  39  3:50  Stalker x2  
  43  3:59  Probe  
  44  4:04  Pylon  
  44  4:11  Probe  
  44  4:13  Adept  
  47  4:23  Probe  
  48  4:33  Probe  
  48  4:35  Probe  
  48  4:37  Immortal  
  53  4:42  Probe  
  53  4:43  Probe  
  52  4:52  Probe x2  
  52  4:56  Forge  
  52  4:58  Twilight Council  
  54  5:00  Probe  
  54  5:04  Probe  
  56  5:09  Stalker  
  56  5:10  Stalker, Probe  
  61  5:16  Probe  
  61  5:19  Assimilator  
  62  5:21  Assimilator, Protoss Ground Weapons Level 1  
  62  5:22  Probe  
  62  5:26  Blink  
  62  5:27  Pylon  
  63  5:30  Probe  
  63  5:34  Probe  
  65  5:42  Probe  
  66  5:46  Probe  
  67  5:54  Nexus  
  67  5:56  Pylon  
  66  6:00  Probe x2  
  66  6:03  Observer  
  69  6:06  Robotics Bay  
  69  6:17  Observer  
  69  6:18  Gateway  
  69  6:19  Gateway  
  69  6:21  Observer  
  69  6:22  Gateway  
  69  6:25  Gateway  
  69  6:31  Probe x2  
  71  6:43  Probe x2  
  71  6:44  Phoenix  
  71  6:45  Phoenix  
  73  6:54  Disruptor  
  73  6:55  Probe x2  
  73  6:58  Robotics Facility  
  73  7:00  Pylon  
  78  7:01  Shield Battery  
  78  7:06  Probe  
  78  7:07  Probe x2  
  81  7:18  Probe  
  81  7:19  Probe x2  
  81  7:20  Stalker x2  
  81  7:22  Stalker x3, Phoenix  
  90  7:23  Stalker, Disruptor  
  90  7:24  Protoss Ground Weapons Level 2  
  96  7:30  Probe  
  96  7:31  Probe x2  
  102  7:37  Charge  
  102  7:42  Pylon  
  102  7:44  Assimilator  
  102  7:45  Probe  
  102  7:47  Assimilator  
  102  7:48  Probe  
  104  7:52  Probe  
  104  7:54  Pylon  
  104  7:56  Pylon  
  104  7:57  Probe  
  106  7:59  Disruptor  
  106  8:00  Probe  
  106  8:01  Disruptor  
  106  8:04  Probe  
  114  8:06  Dark Shrine  
  114  8:11  Probe  
  112  8:13  Probe  
  112  8:19  Gravitic Drive  
  113  8:28  Photon Cannon  
  113  8:35  Gateway, Observer  
  113  8:36  Gateway, Nexus  
  113  8:38  Gateway  
  113  8:40  Gateway  
  113  8:44  Pylon  
  113  8:50  Warp Prism  
  113  8:51  Shield Battery  
  113  8:52  Pylon  
  113  8:57  Observer  
  113  9:02  Templar Archives  
  115  9:12  Disruptor  
  115  9:16  Disruptor  
  115  9:17  Shield Battery  
  118  9:29  Stalker x5  
  131  9:37  Stalker x3  
  131  9:38  Stalker x2  
  141  9:57  Disruptor x2  
  148  10:01  Pylon  
  148  10:02  Pylon  
  148  10:03  Pylon  
  148  10:06  Pylon  
  147  10:10  Zealot x7  
  159  10:19  Zealot  
  159  10:20  Zealot x2  
  137  10:30  Zealot x5  
  131  10:42  Probe x3  
  134  10:43  Probe  
  134  10:44  Dark Templar x2  
  134  10:45  Dark Templar  
  134  10:46  Dark Templar  
  143  11:01  Probe x4  
  131  11:24  High Templar x4, Zealot x6  
  116  11:48  Archon x2  
  116  11:49  Assimilator x2  
Show
View Real Time Build Order
Export as new Build Order

Neeb Protoss 

Build Orders: Phoenix Opening 

Get SALT Encoding   

  12  0:00  Probe  
  13  0:12  Probe  
  14  0:18  Pylon  
  14  0:23  Probe  
  15  0:32  Probe  
  15  0:37  Gateway  
  15  0:40  Probe  
  16  0:46  Assimilator  
  17  0:51  Probe  
  17  0:54  Assimilator  
  18  0:59  Probe  
  19  1:07  Gateway, Probe  
  19  1:17  Probe  
  20  1:25  Cybernetics Core  
  21  1:30  Probe  
  22  1:35  Pylon  
  22  1:42  Probe  
  23  1:54  Probe  
  18  2:01  Stalker x2  
  24  2:06  Warp Gate  
  28  2:11  Pylon  
  28  2:33  Probe  
  33  2:37  Sentry x2  
  33  2:45  Probe  
  33  2:50  Nexus  
  34  2:57  Pylon  
  34  2:58  Probe  
  35  3:08  Shield Battery  
  35  3:10  Phoenix, Probe  
  35  3:15  Stalker  
  37  3:21  Stargate  
  37  3:30  Probe  
  37  3:31  Shield Battery  
  38  3:42  Probe  
  39  3:51  Probe  
  40  3:57  Phoenix  
  40  3:59  Probe  
  40  4:01  Stalker  
  40  4:02  Stalker  
  44  4:07  Probe  
  44  4:09  Probe  
  49  4:18  Phoenix  
  49  4:19  Probe  
  52  4:27  Stalker  
  52  4:30  Probe  
  53  4:34  Probe  
  54  4:48  Pylon  
  54  4:54  Robotics Facility  
  54  4:55  Forge  
  54  5:02  Probe x2  
  54  5:05  Pylon  
  56  5:08  Assimilator  
  56  5:10  Assimilator, Probe x2  
  56  5:18  Sentry  
  56  5:20  Probe x2  
  60  5:26  Pylon  
  60  5:28  Probe  
  62  5:29  Protoss Ground Weapons Level 1  
  62  5:32  Probe  
  64  5:35  Nexus  
  64  5:36  Probe  
  64  5:38  Pylon  
  64  5:41  Observer  
  66  5:46  Robotics Bay  
  66  5:47  Probe  
  66  5:49  Probe  
  68  5:59  Probe  
  68  6:02  Immortal  
  73  6:05  Probe  
  73  6:10  Pylon  
  73  6:11  Probe  
  75  6:15  Twilight Council  
  75  6:16  Probe  
  76  6:20  Probe  
  76  6:24  Probe  
  77  6:28  Probe  
  77  6:29  Colossus  
  77  6:32  Probe  
  79  6:37  Probe  
  80  6:41  Shield Battery  
  80  6:43  Adept x2, Probe  
  92  6:47  Extended Thermal Lance  
  92  6:50  Probe x2  
  94  6:55  Probe  
  94  6:57  Charge  
  95  7:02  Probe x2  
  95  7:06  Colossus  
  95  7:07  Probe  
  98  7:11  Gateway x2  
  98  7:14  Probe  
  98  7:15  Assimilator  
  99  7:17  Assimilator  
  99  7:20  Pylon  
  99  7:22  Protoss Ground Weapons Level 2  
  99  7:28  Probe x3  
  108  7:38  Phoenix  
  108  7:43  Stargate  
  110  7:50  Colossus  
  110  7:51  Pylon x2  
  110  7:56  Pylon x2  
  110  7:58  Nexus  
  110  7:59  Pylon  
  116  8:09  Phoenix  
  114  8:17  Gateway x2  
  114  8:18  Gateway  
  114  8:20  Gateway  
  114  8:21  Gateway  
  114  8:23  Phoenix  
  114  8:29  Templar Archives  
  116  8:35  Pylon  
  116  8:36  Photon Cannon  
  116  8:39  Phoenix  
  118  8:42  Phoenix  
  118  8:43  Zealot  
  118  8:44  Zealot  
  124  8:49  Warp Prism  
  126  8:59  Photon Cannon  
  126  9:01  Photon Cannon  
  126  9:03  Photon Cannon  
  126  9:06  Phoenix  
  128  9:10  Phoenix  
  128  9:16  Zealot x3  
  136  9:19  High Templar x2  
  140  9:26  Pylon  
  140  9:27  Pylon, Archon  
  140  9:30  Zealot x2  
  140  9:31  Zealot  
  146  9:46  Pylon  
  146  9:50  High Templar x4  
  154  9:53  Zealot x5  
  154  9:55  Archon x2  
  134  10:16  Zealot x4  
  120  10:21  Colossus  
  120  10:28  Zealot x5  
  108  10:29  Phoenix  
  108  10:30  Probe x3  
  111  10:41  Phoenix  
  105  10:43  Sentry x2  
  105  10:44  Zealot x2  
  113  10:50  Robotics Facility, Probe x4  
  117  10:57  Zealot x5  
  120  11:13  Observer  
  120  11:14  Zealot x2  
  120  11:16  Zealot x2  
  122  11:24  Zealot x5  
  114  11:35  Probe x2  
  114  11:37  Zealot x3  
  110  11:45  Zealot x3  
Tags
 
Add a new tag
Caveats
  • Supply blocks, unpowered buildings, or Contaminate may cause inaccurate times.
  • Supply counts are checked every 10 seconds.